 Dungeon Crawl Stone Soup version 0.26-a0-597-gb535b0901c (webtiles) character file.

Game seed: 3020515462063840066

6188 HoaS the Cruncher (level 11, -1/76 HPs)
             Began as a Formicid Fighter on Aug 26, 2020.
             Was an Elder of Makhleb.
             Killed from afar by Erica (12 damage)
             ... with a bolt of acid
             ... on level 9 of the Dungeon.
             The game lasted 00:20:59 (10100 turns).

HoaS the Cruncher (Formicid Fighter)               Turns: 10100, Time: 00:21:00

Health: -1/76      AC:  5    Str: 25    XL:     11   Next: 14%
Magic:  0/11       EV: 11    Int:  7    God:    Makhleb [****..]
Gold:   565        SH: 13    Dex: 10    Spells: 10/10 levels left

rFire    . . .     SeeInvis +   a - +1 quarterstaff
rCold    . . .     Faith    .   c - +1 kite shield
rNeg     . . .     Spirit   +   x - +0 steam dragon scales
rPois    +         Reflect  .   (helmet unavailable)
rElec    .         Harm     .   w - +1 cloak {rPois}
rCorr    .                      (no gloves)
MR       +....                  s - +0 pair of boots
Stlth    +.........             r - amulet of guardian spirit
HPRegen  0.22/turn              (no ring)
MPRegen  0.12/turn              (no ring)

@: corroded
A: permanent stasis, dig shafts and tunnels, four strong arms, antennae 3
a: Dig, Shaft Self, Minor Destruction, Lesser Servant of Makhleb, Major
Destruction, Renounce Religion


You were on level 9 of the Dungeon.
You worshipped Makhleb.
Makhleb was greatly pleased with you.
You visited 1 branch of the dungeon, and saw 10 of its levels.
You also visited: Sewer.

You collected 565 gold pieces.

Inventory:

Hand Weapons
 a - a +1 quarterstaff (weapon)
Armour
 c - a +1 kite shield (worn)
 j - a scarf of resistance
 s - a +0 pair of boots (worn)
 w - a +1 cloak of poison resistance (worn)
 x - +0 steam dragon scales (worn)
Jewellery
 h - an uncursed ring of ice
 r - an amulet of guardian spirit (around neck)
Wands
 l - a wand of flame (33)
 n - a wand of polymorph (8)
 o - a wand of random effects (51)
 t - a wand of paralysis (14)
 u - a wand of iceblast (12)
Scrolls
 b - a scroll of identify
 d - a scroll of brand weapon {unknown}
 k - 7 scrolls of remove curse
 m - 7 scrolls of enchant armour
 p - 2 scrolls of magic mapping
Potions
 f - a potion of flight
 g - 5 potions of curing
 i - a potion of resistance
 q - 2 potions of stabbing
 v - a potion of heal wounds {unknown}


   Skills:
 + Level 3.8 Fighting
 - Level 14.0 Staves
 + Level 3.6 Armour
 - Level 9.0 Shields


You had 10 spell levels left.
You didn't know any spells.
Your spell library contained the following spells:

 Spells                   Type           Power        Failure   Level
 Cause Fear               Hex            #.........   99%         4
 Silence                  Hex/Air        #.........   100%        5
 Yara's Violent Unravell  Hex/Tmut       #.........   100%        5
 Discord                  Hex            #.........   100%        8


Dungeon Overview and Level Annotations

Branches:
Dungeon (10/15)            Temple (0/1) D:5           Sewer (visited)
   Lair: D:8-11         Orc: D:9-12

Altars:
Ashenzari
Dithmenos
Elyvilon
Fedhas
Hepliaklqana
Kikubaaqudgha
Makhleb
Nemelex Xobeh
Qazlal
Ru
Vehumet
Xom

Shops:
D:9 *

Annotations:
D:9 2 transporters, Erica; Graouh's ghost, novice MiFi


Innate Abilities, Weirdness & Mutations

You cannot be hasted, slowed, berserked, paralysed or teleported.
You can dig through walls and to a lower floor.
Your four strong arms can wield two-handed weapons with a shield.
You have a pair of large antennae on your head. (SInv)


Message History

You hit Erica.
Erica is severely wounded.
Erica mumbles some strange words.
Erica flickers and vanishes for a moment.
The orc wizard casts a spell.
The orc wizard blinks!
You closely miss Erica.
Erica is severely wounded.
You hit Erica.
Erica is almost dead.
Erica zaps a wand.
The bolt of acid hits you!
You are splashed with acid!
* * * LOW HITPOINT WARNING * * *
The orc wizard gestures at you while chanting.
The magic dart hits you.
* * * LOW HITPOINT WARNING * * *
You hit Erica but do no damage.
Erica is severely wounded.
Erica says, "I love to fight, but killing is better."
Erica zaps a wand.
The bolt of acid hits you!
You die...

#..#©...$(!OWOO#....#.....#
#..#############....'.....#
###....?©.©.........#.....#
.............#......#.....#
.<......#....########.....#
........#....#...§..#.....#
........#....#.o....#.....#
#########....#......#.....#
........#....#..@...#######
........#....#...@..#.....#
........+....#......#.....#
........#....#......#.....#
.....)..#....#......#.....#
####'####....#......#.....#
#............#......#.....#
#............#............#
#............#....|P.P)...#


You could see Erica (invisible) and an orc wizard.

Vanquished Creatures
  Erolcha (D:9)
  Pikel (D:8)
  Joseph (D:8)
  Maurice (D:8)
  Psyche (D:9)
  Maggie (D:8)
  A troll (D:9)
  A hippogriff (D:9)
  3 ice beasts (D:6)
  A sky beast (D:6)
  5 ogres
  6 centaurs
  A crocodile (D:9)
  2 lemures (D:8)
  Blork the orc (D:5)
  2 bullfrogs
  2 scorpions
  6 killer bees (D:8)
  5 wights (D:9)
  2 howler monkeys (D:4)
  A crimson imp (D:3)
  A quasit (D:5)
  A bullfrog zombie (D:5)
  3 hounds
  3 bullfrog skeletons
  5 orc priests
  A jelly (D:9)
  3 iguanas
  9 orc wizards
  8 worker ants
  2 hound skeletons
  A worker ant zombie (D:7)
  Robin (D:4)
  2 howler monkey skeletons
  7 adders
  A river rat (D:5)
  3 shadow imps
  2 white imps
  3 ufetubi
  An adder zombie (D:8)
  3 worms
  10 leopard geckos
  28 orcs
  5 ball pythons
  7 bats
  A bat zombie (D:3)
  16 giant cockroaches
  12 goblins
  10 hobgoblins
  15 jackals
  8 quokkas
  8 frilled lizards
  A jackal zombie (D:5)
  8 kobolds
  A leopard gecko zombie (D:5)
  A quokka skeleton (D:4)
  A quokka zombie (D:6)
  7 rats
244 creatures vanquished.

Vanquished Creatures (others)
  3 fungi (D:9)
  A plant (D:9)
4 creatures vanquished.

Grand Total: 248 creatures vanquished

Notes
Turn   | Place    | Note
-------+----------+-------------------------------------------
     0 | D:1      | HoaS the Formicid Fighter began the quest for the Orb.
     0 | D:1      | Reached XP level 1. HP: 18/18 MP: 1/1
   164 | D:1      | Reached XP level 2. HP: 13/24 MP: 2/2
   547 | D:1      | Reached XP level 3. HP: 18/29 MP: 3/3
   674 | D:1      | Reached skill level 3 in Staves
   749 | D:2      | Reached XP level 4. HP: 35/35 MP: 4/4
  1019 | D:2      | Found a hazy altar of Hepliaklqana.
  1026 | D:2      | Found a shadowy altar of Dithmenos.
  1026 | D:2      | Noticed a shadow
  2119 | D:3      | Reached skill level 4 in Staves
  2170 | D:3      | Reached XP level 5. HP: 41/41 MP: 5/5
  2562 | D:3      | Found a burning altar of Makhleb.
  2562 | D:3      | Found a shimmering altar of Xom.
  2576 | D:3      | Reached skill level 5 in Shields
  2763 | D:3      | Became a worshipper of Makhleb the Destroyer
  3043 | D:3      | Found an ancient bone altar of Kikubaaqudgha.
  3187 | D:3      | Reached XP level 6. HP: 34/47 MP: 6/6
  3287 | D:4      | Reached skill level 5 in Staves
  3446 | D:4      | Noticed Robin
  3487 | D:4      | Killed Robin
  3879 | D:4      | Found an ancient bone altar of Kikubaaqudgha.
  3969 | D:4      | Reached XP level 7. HP: 28/52 MP: 7/7
  4352 | D:4      | Reached skill level 6 in Staves
  4697 | D:5      | Entered Level 5 of the Dungeon
  4697 | D:5      | Noticed Blork the orc
  4708 | D:5      | Killed Blork the orc
  4725 | D:5      | Found a sparkling altar of Nemelex Xobeh.
  4890 | D:5      | Reached * piety under Makhleb
  4971 | D:5      | Reached skill level 7 in Staves
  4976 | D:5      | Reached XP level 8. HP: 54/58 MP: 8/8
  5028 | D:5      | Found a white marble altar of Elyvilon.
  5037 | D:5      | Found a glowing drain.
  5066 | Sewer    | Entered a sewer
  5269 | Sewer    | Reached ** piety under Makhleb
  5537 | D:5      | Found a staircase to the Ecumenical Temple.
  5578 | D:5      | Found a shattered altar of Ashenzari.
  5716 | D:5      | Found a stormy altar of Qazlal.
  5723 | D:5      | Noticed a fire elemental
  5726 | D:5      | Noticed a water elemental
  5726 | D:5      | Noticed an air elemental
  5778 | D:6      | Found a radiant altar of Vehumet.
  5836 | D:6      | Reached skill level 8 in Staves
  6031 | D:6      | Reached XP level 9. HP: 32/64 MP: 9/9
  6215 | D:6      | Reached skill level 9 in Staves
  7024 | D:7      | Reached skill level 10 in Staves
  7122 | D:7      | Reached *** piety under Makhleb
  8159 | D:8      | Noticed Maurice
  8202 | D:8      | Killed Maurice
  8202 | D:8      | Reached skill level 11 in Staves
  8202 | D:8      | Reached XP level 10. HP: 70/70 MP: 10/10
  8240 | D:8      | Noticed Pikel
  8289 | D:8      | Killed Pikel
  8404 | D:8      | Noticed Joseph
  8412 | D:8      | Killed Joseph
  8412 | D:8      | Reached skill level 12 in Staves
  8653 | D:8      | Noticed Maggie
  8666 | D:8      | Killed Maggie
  8847 | D:9      | Found a transporter.
  8848 | D:9      | Noticed Graouh's ghost (novice MiFi)
  9261 | D:9      | Found Efaingo's Elemental Accessories.
  9289 | D:9      | Found a sacrificial altar of Ru.
  9349 | D:9      | Found a transporter.
  9353 | D:9      | Noticed a two-headed ogre
  9353 | D:9      | Identified the +1 great mace of the Other Side {vorpal,
                  | *Drain +Inv rPois Int+7}
  9353 | D:9      | Noticed a two-headed ogre
  9432 | D:9      | Found a blossoming altar of Fedhas.
  9535 | D:9      | Reached **** piety under Makhleb
  9554 | D:9      | Reached skill level 13 in Staves
  9643 | D:9      | Noticed Erolcha
  9655 | D:9      | Killed Erolcha
  9669 | D:9      | Reached XP level 11. HP: 47/75 MP: 4/11
  9688 | D:9      | Noticed Psyche
  9695 | D:9      | Killed Psyche
  9919 | D:9      | Reached skill level 14 in Staves
 10016 | D:10     | Entered Level 10 of the Dungeon
 10072 | D:10     | Noticed Erica
 10100 | D:9      | Killed from afar by Erica

Illustrated notes

Levels and vault maps discovered:
D:1:      ebering_hopf_link, layout_rooms
D:2:      layout_basic, riverfiend_overflow_shadow_ancestor
D:3:      minmay_recursive_quarters, layout_basic,
          grunt_temple_overflow_champion_of_chaos,
          lemuel_zombie_altar_kikubaaqudgha, serial_rivers,
          chequers_serial_rivers_marsh, chequers_serial_rivers_room_b,
          chequers_serial_rivers_large_a, chequers_serial_rivers_large_b,
          chequers_serial_rivers_small_a, chequers_serial_rivers_small_b
D:4:      layout_loops_corners, lemuel_statue_altar, uniq_robin
D:5:      kennysheep_six_static_rooms, layout_cave_pools, elyvilon_altar_5,
          nicolae_overflow_crystal_walls, ashenzari_altar_1,
          minmay_temple_entry_steel_oval, portal_sewer_entry_c,
          nicolae_qazlal_style_of_elements, uniq_blork_the_orc
D:6:      layout_basic, basic_altar, st_stairs_5
D:7:      layout_gridville
D:8:      layout_basic, uniq_joseph, uniq_maggie, uniq_pikel, uniq_maurice
D:9:      layout_grid_maze, fedhas_altar_3, gammafunk_ghost_smash,
          nicolae_elemental_shop, nicolae_ru_the_path_less_chosen, uniq_erolcha,
          uniq_psyche
D:10:     layout_rooms, due_lair_maze_entry_diamond, hiddenorc1_lemuel,
          uniq_erica, uniq_urug

Skill      XL: |  1  2  3  4  5  6  7  8  9 10 11 |
---------------+----------------------------------+-----
Shields        | 4 5 6 8 9 |  9.0
Staves         | 3 4 5 7 8 11 13 14 | 14.0
Fighting       | |  3.8
Armour         | |  3.6

Action                   |  1- 3 |  4- 6 |  7- 9 | 10-12 || total
-------------------------+-------+-------+-------+-------++-------
Melee: Quarterstaff      |    99 |   242 |   499 |   289 ||  1129
 Abil: Dig               |       |     2 |       |       ||     2
Evoke: Wand              |       |       |     1 |     2 ||     3
  Use: Scroll            |     2 |    10 |     8 |     1 ||    21
       Potion            |       |       |       |     2 ||     2
 Stab: Sleeping          |       |       |       |     1 ||     1
Armor: Scale mail        |    52 |    48 |       |       ||   100
       Chain mail        |       |    42 |   146 |    14 ||   202
       Steam dragon scal |       |       |       |    33 ||    33
Dodge: Dodged            |    44 |    64 |   124 |    71 ||   303
Block: Kite shield       |    56 |   114 |   315 |   148 ||   633

Table legend: (Time is in decaauts)
 A = Elapsed time spent in this place.
 B = Non-inter-level travel time spent in this place.
 C = Inter-level travel time spent in this place.
 D = Time resting spent in this place.
 E = Time spent auto-exploring this place.
 F = Levels seen in this place.
 G = Mean time per level.
                   A        B        C        D        E       F      G
               +--------+--------+--------+--------+--------+-----+--------+
         Total |  10129 |   9951 |    178 |   2447 |   5338 |  11 |  920.8 |
       Dungeon |   9602 |   9424 |    178 |   2447 |   4969 |  10 |  960.2 |
         Sewer |    527 |    527 |      0 |      0 |    368 |   1 |  527.0 |
               +--------+--------+--------+--------+--------+-----+--------+

Top non-repeatable levels by time:
     D:3: 1720 daAuts
     D:4: 1435 daAuts
     D:6: 1167 daAuts
     D:7: 1157 daAuts
     D:2: 913 daAuts
     D:9: 908 daAuts
     D:8: 885 daAuts
     D:1: 730 daAuts
     D:5: 622 daAuts
   Sewer: 527 daAuts
    D:10: 60 daAuts
